 Dungeon Crawl Stone Soup version 0.23.2-1-ga50397a (webtiles) character file.

Game seed: 1926664326189949492

425 VAZYLA the Sneak (level 6, 0/47 HPs)
             Began as a Vampire Assassin on May 24, 2019.
             Slain by a hound (3 damage)
             ... on level 4 of the Dungeon.
             The game lasted 00:22:51 (4625 turns).

VAZYLA the Sneak (Vampire Assassin)                 Turns: 4625, Time: 00:22:52

Health: 0/47       AC:  5    Str: 10    XL:     6   Next: 64%
Magic:  5/6        EV: 13    Int: 15    God:
Gold:   124        SH:  0    Dex: 16    Spells: 5/5 levels left

rFire    + . .     SeeInvis +   b - +0 blowgun
rCold    + + .     Gourm    .   (no shield)
rNeg     + + .     Faith    .   w - +2 leather armour "Vyakuh" {rPois Stlth+}
rPois    +         Spirit   .   (no helmet)
rElec    .         Reflect  .   u - scarf {rC+ rF+}
rCorr    .         Harm     .   (no gloves)
MR       .....                  (no boots)
Stlth    ++++++....             (no amulet)
HPRegen  0.07/turn              (no ring)
MPRegen  0.10/turn              (no ring)

@: regenerating slowly
A: fangs 3, see invisible, unbreathing
a: Bat Form


You were on level 4 of the Dungeon.
You were very thirsty.

You visited 1 branch of the dungeon, and saw 5 of its levels.

You collected 124 gold pieces.

Inventory:

Hand Weapons
 a - a +2 dagger
 b - a +0 blowgun (weapon)
 t - a +0 trident
Missiles
 f - a curare-tipped needle
 o - 11 poisoned needles (quivered)
Armour
 c - a +0 robe
 d - a +0 cloak
 g - a +0 ring mail
 u - a scarf of resistance (worn)
 w - the +2 leather armour "Vyakuh" (worn) {rPois Stlth+}
   (You found it on level 4 of the Dungeon)

   It protects you from poison.
   It makes you more stealthy.
 y - a +0 buckler
Wands
 i - a wand of acid (7)
 x - a wand of polymorph (4)
Scrolls
 k - a scroll of teleportation
 m - 3 scrolls of remove curse
 s - 3 scrolls of identify
 z - a scroll of enchant armour {unknown}
Potions
 e - a potion of brilliance {unknown}
 h - a potion of haste {unknown}
 j - 4 potions of curing
 l - 2 potions of magic
 n - a potion of might {unknown}
 p - 2 potions of heal wounds
 q - 16 potions of blood
 r - a potion of berserk rage {unknown}
 v - 2 potions of flight {unknown}


   Skills:
 + Level 3.2 Fighting
 + Level 4.0 Short Blades
 + Level 2.9 Throwing
 + Level 3.3 Dodging
 + Level 7.5 Stealth


You had 5 spell levels left.
You didn't know any spells.
Your spell library was empty.

Dungeon Overview and Level Annotations

Branches:
Dungeon (5/15)
 Temple: D:4-7

Altars:
Ashenzari
Elyvilon
Qazlal
Yredelemnul

Shops:
D:4 (   D:5 %

Annotations:
D:3 1 runed translucent door, Magicfruit's ghost, amateur HuMo; Natasha
D:5 Dowan; Duvessa


Innate Abilities, Weirdness & Mutations

You heal slowly.
You have razor-sharp teeth.
You have supernaturally acute eyesight. (SInv)
You can survive without breathing.


Message History

You turn into a vampire bat.
Your +0 blowgun melds into your body.
Your scarf of resistance melds into your body.
The +2 leather armour "Vyakuh" {rPois Stlth+} melds into your body.
You feel hot and cold all over. The hound bites you.
* * * LOW HITPOINT WARNING * * *
The hound completely misses you.
The hound looks more healthy.
Your transformation has ended.
Your +0 blowgun unmelds from your body.
Your scarf of resistance unmelds from your body.
The +2 leather armour "Vyakuh" {rPois Stlth+} unmelds from your body.
You feel resistant to extremes of temperature.
Firing (i - inventory. (/) - cycle)
o - 12 poisoned needles (quivered)
Press: ? - help, Shift-Dir - straight line, f/p - hound
Aim: a hound (almost dead)
You shoot a poisoned needle. The poisoned needle hits the hound.
The hound is poisoned.
The hound is almost dead.
The hound bites you.
You die...

####..######.....########
##...#...#......###
##.....##.#.##.....###
#.......#...##...#...#
#..........###.#.###.###
#.......#..##..#.###...####
##.....###.##.......##....#
#.......##.##....##........
#.........@##.........###..
#.......##h.##...####......
##.....###...........##..#.
##......#.(.........#.....
######...................
###.................
#..)...>..........
#.................
##.......(...#####


You could see a hound.

Vanquished Creatures
  A crimson imp (D:5)
  An orc priest (D:4)
  2 orc wizards
  Jessica (D:2)
  Natasha (twice) (D:3)
  2 worker ants
  7 adders
  An ooze (D:1)
  An adder zombie (D:5)
  2 worms (D:3)
  5 leopard geckos
  17 orcs
  2 ball pythons (D:2)
  8 giant cockroaches
  5 hobgoblins
  8 jackals
  3 kobolds
  5 bats
  8 frilled lizards
  7 goblins
  10 rats
  A spectral orc (D:3)
99 creatures vanquished.

Notes
Turn   | Place    | Note
-------+----------+-------------------------------------------
     0 | D:1      | VAZYLA the Vampire Assassin began the quest for the Orb.
     0 | D:1      | Reached XP level 1. HP: 16/16 MP: 1/1
   107 | D:1      | Reached skill level 6 in Stealth
   161 | D:1      | Reached XP level 2. HP: 22/22 MP: 2/2
   482 | D:2      | Noticed Jessica
   501 | D:2      | Reached XP level 3. HP: 16/27 MP: 3/3
   524 | D:2      | Killed Jessica
   683 | D:1      | Reached XP level 4. HP: 18/34 MP: 4/4
  1741 | D:3      | Found a faded altar of an unknown god.
  1762 | D:3      | Noticed Natasha
  1770 | D:3      | Killed Natasha
  1784 | D:3      | Found a stormy altar of Qazlal.
  1796 | D:3      | Noticed Natasha
  1801 | D:3      | Reached XP level 5. HP: 39/39 MP: 5/5
  1828 | D:3      | Killed Natasha
  1971 | D:3      | Found a runed translucent door.
  1974 | D:3      | Noticed Magicfruit's ghost (amateur HuMo)
  2013 | D:3      | Found a basalt altar of Yredelemnul.
  2296 | D:3      | Reached skill level 7 in Stealth
  3141 | D:4      | Found Becomoy's Weapon Emporium.
  3163 | D:4      | Got a distressingly furry leather armour
  3213 | D:4      | Found a white marble altar of Elyvilon.
  3319 | D:4      | Reached XP level 6. HP: 32/47 MP: 6/6
  3599 | D:3      | Noticed Natasha
  3708 | D:4      | Identified the +2 leather armour "Vyakuh" {rPois Stlth+}
                  | (You found it on level 4 of the Dungeon)
  3818 | D:5      | Entered Level 5 of the Dungeon
  3992 | D:5      | Found a shattered altar of Ashenzari.
  4018 | D:5      | Noticed a sky beast
  4467 | D:5      | Found Kuviul Ilisch's Food Emporium.
  4511 | D:5      | Noticed Dowan
  4516 | D:5      | Noticed Duvessa
  4604 | D:4      | HP: 2/47 [hound (5)]
  4625 | D:4      | Slain by a hound

Skill      XL: |  1  2  3  4  5  6 |
---------------+-------------------+-----
Stealth        | 6 7 |  7.5
Fighting       | 2 3 |  3.2
Throwing       | 2 |  2.9
Dodging        | 2 3 |  3.3
Short Blades   | 3 4 |  4.0

Action                   |  1- 3 |  4- 6 || total
-------------------------+-------+-------++-------
Melee: Dagger            |    91 |   284 ||   375
       Bite              |    10 |    17 ||    27
 Fire: Blowgun           |     8 |    23 ||    31
 Abil: End Transformatio |       |     3 ||     3
       Bat Form          |       |     3 ||     3
  Use: Scroll            |     2 |     4 ||     6
       Potion            |       |     7 ||     7
 Stab: Sleeping          |     7 |    20 ||    27
Armor: Ring mail         |    39 |    51 ||    90
       Leather armour    |       |    17 ||    17
Dodge: Dodged            |    52 |   127 ||   179
